 Dungeon Crawl Stone Soup version 0.24-a0-784-g601f8f6d22 (webtiles) character file.

Game seed: 7162200394645455301, levelgen mode: deterministic

177320 GameOver the Destroyer (level 17, -2/150 HPs)
             Began as a Naga Wizard on Oct 2, 2019.
             Was the Champion of Kikubaaqudgha.
             Slain by a +2 glaive of flaming (3 damage)
             ... on level 1 of the Elven Halls on Oct 9, 2019.
             The game lasted 04:46:55 (28242 turns).

GameOver the Destroyer (Naga Wizard)               Turns: 28242, Time: 04:46:56

Health: -2/150     AC: 18    Str: 11    XL:     17   Next: 85%
Magic:  11/45      EV:  9    Int: 25    God:    Kikubaaqudgha [******]
Gold:   1499       SH:  4    Dex:  9    Spells: 2/34 levels left

rFire    . . .     SeeInvis +   e - staff of power
rCold    + . .     Gourm    +   o - +0 buckler
rNeg     . . .     Faith    .   u - +2 leather armour {MR+}
rPois    +         Spirit   .   Z - +2 hat {MR+}
rElec    +         Reflect  .   j - +0 cloak
rCorr    .         Harm     .   K - +2 pair of gloves
MR       ++++.                  (no barding)
Stlth    +++++.....             y - amulet of the gourmand
HPRegen  1.35/turn              O - ring of protection from fire
MPRegen  0.29/turn              D - ring of ice

@: about to teleport, regenerating, very slow
A: large, slimy green scales 1, see invisible, deformed body, poison resistance,
electricity resistance, slowness 2, slow metabolism 1, spit poison 1, constrict
1, AC +5
}: 1/15 runes: gossamer
a: Spit Poison, Receive Corpses, Torment, Renounce Religion


You were on level 1 of the Elven Halls.
You worshipped Kikubaaqudgha.
Kikubaaqudgha was exalted by your worship.
You were very full.

You visited 6 branches of the dungeon, and saw 29 of its levels.
You also visited: Ossuary, Gauntlet and Ice Cave.

You collected 3003 gold pieces.
You spent 1504 gold pieces at shops.

Inventory:

Hand Weapons
 l - a +0 club {Bob}
 w - a +9 quick blade of pain
 W - a +3 short sword of electrocution
Armour
 j - a +0 cloak (worn)
 o - a +0 buckler (worn)
 u - a +2 leather armour of magic resistance (worn)
 K - a +2 pair of gloves (worn)
 Z - a +2 hat of magic resistance (worn)
Magical Staves
 e - an uncursed staff of power (weapon)
Jewellery
 m - an uncursed ring of positive energy
 y - an amulet of the gourmand (around neck)
 D - a ring of ice (right hand)
 O - a ring of protection from fire (left hand)
Wands
 a - a wand of scattershot (2)
 q - a wand of digging (7)
 t - a wand of iceblast (24)
 B - a wand of paralysis (26)
 H - a wand of disintegration (35)
 P - a wand of acid (7)
Scrolls
 h - 3 scrolls of fear
 i - 8 scrolls of remove curse
 k - 3 scrolls of teleportation
 p - 6 scrolls of blinking
 r - a scroll of identify
 v - a scroll of enchant armour
 E - 4 scrolls of magic mapping
 V - 2 scrolls of fog
Potions
 c - 4 potions of agility
 f - a potion of might
 g - 2 potions of cancellation
 n - 11 potions of curing
 x - 7 potions of ambrosia
 A - 3 potions of flight
 F - 2 potions of haste
 L - 6 potions of heal wounds
 R - 4 potions of mutation
 T - a potion of invisibility
Miscellaneous
 b - a lightning rod (4/4)
Comestibles
 d - 45 rations
 s - a chunk of flesh


   Skills:
 - Level 9.0 Fighting
 - Level 12.0 Short Blades
 - Level 6.0 Armour
 - Level 1.5 Dodging
 - Level 12.2 Stealth
 - Level 3.0 Shields
 - Level 9.3 Spellcasting
 + Level 12.6 Conjurations
 - Level 4.2 Hexes
 - Level 6.0 Charms
   Level 1.0 Summonings
 - Level 12.0 Necromancy
 - Level 3.0 Translocations
 + Level 9.3 Ice Magic
 - Level 9.0 Air Magic
 - Level 9.0 Poison Magic
 - Level 5.1 Evocations


You had 2 spell levels left.
You knew the following spells:

 Your Spells              Type           Power        Failure   Level  Hunger
a - Venom Bolt            Conj/Pois      ######....   2%          5    ####...
b - Blink                 Tloc           N/A          3%          2    None
c - Dispel Undead         Necr           ######..     1%          5    ####...
d - Mephitic Cloud        Conj/Pois/Air  ######..     1%          3    None
f - Conjure Flame         Conj/Fire      #####...     1%          3    None
s - Freezing Cloud        Conj/Ice/Air   #######...   16%         6    ######.
x - Regeneration          Chrm/Necr      ######....   1%          3    None
C - Spectral Weapon       Hex/Chrm       #####...     2%          3    None
X - Sublimation of Blood  Necr           ######....   1%          2    None

Your spell library contained the following spells:

 Spells                   Type           Power        Failure   Level  Hunger
 Corona                   Hex            ####...      1%          1    None
 Freeze                   Ice            ####         1%          1    None
 Infusion                 Chrm           ####         1%          1    None
 Magic Dart               Conj           ####         1%          1    None
 Pain                     Necr           ####         1%          1    None
 Sting                    Conj/Pois      ####         1%          1    None
 Corpse Rot               Necr           N/A          1%          2    None
 Ensorcelled Hibernation  Hex/Ice        ######       1%          2    None
 Poisonous Vapours        Pois/Air       ######       1%          2    None
 Shroud of Golubria       Chrm/Tloc      ####..       1%          2    None
 Slow                     Hex            ####....     1%          2    None
 Song of Slaying          Chrm           #####...     1%          2    None
 Sandblast                Erth           ##....       7%          1    None
 Call Imp                 Summ           ###.....     7%          2    None
 Passwall                 Tmut/Erth      ##......     10%         2    None
 Ozocubu's Armour         Chrm/Ice       ######..     1%          3    None
 Stone Arrow              Conj/Erth      #####.       1%          3    None
 Vampiric Draining        Necr           ######....   1%          3    None
 Animate Dead             Necr           N/A          1%          4    #......
 Olgreb's Toxic Radiance  Pois           ######..     1%          4    #......
 Portal Projectile        Hex/Tloc       ####..       4%          3    None
 Excruciating Wounds      Chrm/Necr      ######....   4%          5    ####...
 Death Channel            Necr           ######....   8%          6    ######.
 Inner Flame              Hex/Fire       ###.....     9%          3    None
 Recall                   Summ/Tloc      N/A          9%          3    None
 Cause Fear               Hex            ####......   12%         4    #......
 Simulacrum               Ice/Necr       #######...   13%         6    ######.
 Borgnjor's Vile Clutch   Necr/Erth      #####.....   16%         5    ####...
 Leda's Liquefaction      Hex/Erth       ###.......   28%         4    #......
 Petrify                  Tmut/Erth      ##......     54%         4    #......
 Lee's Rapid Deconstruct  Erth           ##........   88%         5    ####...
 Borgnjor's Revivificati  Necr           ######....   97%         8    #######
 Infestation              Necr           ######....   97%         8    #######
 Haunt                    Necr/Summ      #####.....   98%         7    #######
 Ring of Flames           Chrm/Fire      ####......   100%        7    #######
 Death's Door             Chrm/Necr      ######....   100%        8    #######
 Necromutation            Tmut/Necr      #####.....   100%        8    #######


Dungeon Overview and Level Annotations

Branches:
Dungeon (15/15)            Temple (1/1) D:4            Lair (6/6) D:11
 Shoals (0/4) Lair:4       Spider (4/4) Lair:4        Slime (0/5) Lair:6
    Orc (2/2) D:12            Elf (1/3) Orc:2        Vaults (0/5) D:13
 Depths (0/5) D:15        Ossuary (visited)           IceCv (visited)
Gauntlet (visited)

Altars:
Ashenzari
Cheibriados
Dithmenos
Elyvilon
Fedhas
Gozag
Hepliaklqana
Kikubaaqudgha
Makhleb
Nemelex Xobeh
Okawaru
Qazlal
Ru
Sif Muna
Trog
Uskayaw
Vehumet
Wu Jian
Xom
Yredelemnul
Zin
The Shining One
Jiyva

Shops:
D:12 ?   Orc:2 (}[!!   Elf:1 }==

Annotations:
D:14 artefact cloak behind a ghost
D:15 3 runed translucent doors, Revvat's ghost, journeyman MiBe
Spider:1 1 runed translucent door, Dycilia's ghost, journeyman DDFi


Innate Abilities, Weirdness & Mutations

You cannot wear boots.
Your serpentine skin is tough. (AC +5)
You have supernaturally acute eyesight. (SInv)
Armour fits poorly on your strangely shaped body.
Your system is resistant to poisons. (rPois)
You cover ground very slowly.
You have a slow metabolism.
You can spit poison.
You can use your snake-like lower body to constrict enemies.
You are partially covered in slimy green scales. (AC +2)
You are resistant to electric shocks. (rElec)


Message History

* * * LOW HITPOINT WARNING * * *
x2 The orc sorcerer is engulfed in freezing vapours.
The deep elf high priest mumbles some strange prayers to its god.
The deep elf high priest begins emitting a brilliant aura!
The deep elf demonologist is engulfed in freezing vapours.
The deep elf archer is engulfed in freezing vapours.
The +6 flail of protection hits you!
* * * LOW HITPOINT WARNING * * *
The fire elemental is engulfed in freezing vapours.
The +2 glaive of flaming is engulfed in freezing vapours.
The orc sorcerer is engulfed in freezing vapours.
You kill the orc sorcerer!
Kikubaaqudgha accepts your kill. The +2 flail of crushing hits you!
* * * LOW HITPOINT WARNING * * *
x2 The +2 glaive of flaming hits you from afar!
* * * LOW HITPOINT WARNING * * *
The +2 glaive of flaming burns you.
You die...
Kikubaaqudgha rasps: "You have failed me!
Welcome... death!"

..........## 8.o
.e...8#.# ##
...........###ee
§e#e.##.# #.
........##..#8§§
§1...8#.# #.
.......###..#8§§
E§3..8#.#######.
......##
#..##§§#4§#''##..)......
.....##
#.###○eE§).e.##.#######.
#...## ###
#.((#######'## #.
.....## ###(# ##...## #.
......## #@# ##.....# #.
.......#########.#
##......# ###.
........##.......#
#.......###...
.......#########.#
#.......'..... ......##
#.###.......###.#.
.....## #...+.......#
#.#. #...##
#.###.......# #.#.
.....## #.# ##......#
#.#. ......## #.#
##....## #.#.


You could see a Hell Sentinel, a deep elf archer, a deep elf high priest, 2
earth elementals, an ice devil, 2 deep elf magi and 3 dancing weapons.

Vanquished Creatures
  Mara (Spider:4)
  Rupert (Lair:3)
  Gastronok (Orc:1)
  3 ghost moths (Spider:4)
  An orc warlord (D:12)
  Aizul (Spider:4)
  7 emperor scorpions
  An ironheart preserver (D:13)
  3 entropy weavers
  A minotaur (Gauntlet)
  4 spark wasps
  2 ice dragons (D:15)
  Fannar (D:12)
  Harold (D:8)
  5 hydras
  2 centaur warriors
  5 dancing weapons (Elf:1)
  A death knight (D:12)
  3 orc high priests (Orc:2)
  A tengu warrior (D:15)
  A wretched star (Gauntlet)
  5 deep elf knights (Elf:1)
  13 skeletal warriors
  An unseen horror (D:15)
  2 deep elf archers (Elf:1)
  7 orc knights
  10 orc sorcerers
  A wizard (Gauntlet)
  27 wolf spiders
  2 manticores
  15 orb spiders
  A cyclops (Orc:1)
  3 slime creatures (D:12)
  2 ugly things
  12 deep elf magi
  2 moths of wrath
  Maurice (D:8)
  15 elephants
  A black mamba (Lair:6)
  A centaur zombie (D:13)
  A spiny frog (shapeshifter) (D:14)
  8 spiny frogs
  2 centaur skeletons
  2 torpor snails
  A gargoyle (D:12)
  A freezing wraith (D:14)
  A kobold demonologist (D:11)
  10 demonic crawlers
  2 efreet
  11 komodo dragons
  4 rime drakes
  3 trolls
  25 jumping spiders
  3 polar bears (Lair:6)
  14 blink frogs
  13 hornets
  13 hippogriffs
  Grinder (D:5)
  A dream sheep (Lair:6)
  A meliai zombie (D:12)
  An air elemental (Elf:1)
  81 redbacks
  12 spriggans (Lair:6)
  3 vampires
  2 water elementals (Elf:1)
  28 tarantellas
  4 wyverns
  A fire elemental (Elf:1)
  Eustachio (D:5)
  A human (shapeshifter) (Elf:1)
  31 yaks
  6 basilisks
  A hungry ghost (D:11)
  Menkaure (D:5)
  A warg (D:12)
  16 water moccasins
  A small abomination (Gauntlet)
  6 porcupines
  8 ice beasts
  A phantom (D:4)
  2 hornet zombies
  34 orc warriors
  A swamp drake (Orc:1)
  4 sky beasts
  3 black bears
  3 necrophages
  4 boggarts (Lair:6)
  34 wolves
  17 ogres
  7 centaurs
  3 big kobolds
  11 crocodiles
  A gnoll sergeant (D:12)
  21 bullfrogs
  A wyvern zombie (D:6)
  3 scorpions
  7 killer bees
  6 electric eels
  3 wights (D:8)
  4 howler monkeys
  2 crimson imps
  8 hounds
  A human zombie (Ossuary)
  2 lava snakes (Lair:4)
  A quasit (D:12)
  A bullfrog skeleton (D:8)
  A jelly (D:11)
  32 orc wizards
  20 orc priests
  An iron imp (Orc:1)
  3 iguanas
  6 worker ants
  Ijyb (D:3)
  A killer bee zombie (D:9)
  3 mummies (Ossuary)
  8 gnolls
  13 adders
  4 shadow imps
  A white imp (Orc:1)
  3 oozes
  6 adder zombies
  2 adder skeletons
  2 worms
  A worm (shapeshifter) (D:14)
  2 dart slugs
  9 leopard geckos
  84 orcs
  2 ball pythons
  7 bats
  6 giant cockroaches
  8 goblins
  5 hobgoblins
  4 jackals (D:10)
  4 quokkas
  A ball python skeleton (D:4)
  2 frilled lizards (D:2)
  5 goblin zombies (Ossuary)
  2 hobgoblin zombies (Ossuary)
  A jackal zombie (D:5)
  24 kobolds
  A kobold zombie (Ossuary)
  A leopard gecko zombie (D:6)
  2 quokka zombies (Ossuary)
  8 rats
  2 rat zombies (Ossuary)
  2 plants (Lair:2)
  4 spectral weapons
968 creatures vanquished.

Vanquished Creatures (collateral kills)
  A jumping spider (Spider:2)
  A basilisk (Lair:6)
  A killer bee (D:11)
3 creatures vanquished.

Vanquished Creatures (others)
  A torpor snail (Spider:2)
  A killer bee (D:11)
  3 electric eels (Lair:3)
  A shadow imp (Gauntlet)
  6 orcs
  2 demonic plants (Gauntlet)
  4 fungi
  11 plants
  14 spectral weapons
43 creatures vanquished.

Grand Total: 1014 creatures vanquished

Notes
Turn   | Place    | Note
-------+----------+-------------------------------------------
     0 | D:1      | GameOver the Naga Wizard began the quest for the Orb.
     0 | D:1      | Reached XP level 1. HP: 15/15 MP: 4/4
    76 | D:1      | Reached XP level 2. HP: 18/22 MP: 1/6
   905 | D:2      | Reached XP level 3. HP: 28/28 MP: 2/7
   909 | D:2      | Learned a level 2 spell: Blink
   913 | D:2      | Learned a level 3 spell: Mephitic Cloud
  1120 | D:2      | Reached skill level 1 in Short Blades
  1218 | D:2      | You fall into a shaft and drop 1 floor!
  1236 | D:3      | Reached XP level 4. HP: 36/36 MP: 6/8
  1359 | D:3      | Learned a level 3 spell: Conjure Flame
  1707 | D:3      | Noticed Ijyb
  1716 | D:3      | Killed Ijyb
  1761 | D:3      | Reached XP level 5. HP: 42/42 MP: 5/9
  2097 | D:4      | Got a brightly glowing platinum ring
  2295 | D:4      | Found a staircase to the Ecumenical Temple.
  2301 | Temple   | Entered the Ecumenical Temple
  2317 | Temple   | Became a worshipper of Kikubaaqudgha
  2409 | D:4      | Noticed a phantom
  2470 | D:4      | Killed a phantom
  2470 | D:4      | Reached XP level 6. HP: 33/49 MP: 0/10
  2595 | D:4      | Reached skill level 5 in Conjurations
  2651 | D:5      | Entered Level 5 of the Dungeon
  2743 | D:5      | Reached XP level 7. HP: 43/55 MP: 6/11
  2931 | D:5      | Noticed Grinder
  2977 | D:5      | Killed Grinder
  2977 | D:5      | Reached skill level 5 in Short Blades
  3038 | D:5      | Noticed Eustachio
  3048 | D:5      | Killed Eustachio
  3048 | D:5      | Reached XP level 8. HP: 56/62 MP: 8/12
  3189 | D:5      | Noticed Menkaure
  3264 | D:5      | Killed Menkaure
  3270 | D:5      | Identified the ring "Caef" {+Inv SInv} (You found it on
                  | level 4 of the Dungeon)
  3448 | D:6      | Reached * piety under Kikubaaqudgha
  3448 | D:6      | Identified Kikubaaqudgha's Tome of Sinister Rituals
                  | (Kikubaaqudgha gifted it to you on level 6 of the Dungeon)
  3448 | D:6      | Received a gift from Kikubaaqudgha
  3471 | D:6      | Reached skill level 5 in Stealth
  3471 | D:6      | Reached skill level 1 in Poison Magic
  3482 | D:6      | Noticed a wyvern
  3490 | D:6      | Killed a wyvern
  3813 | D:6      | Found a sand-covered staircase.
  3822 | Ossuary  | Entered an ossuary
  3947 | Ossuary  | Reached XP level 9. HP: 43/68 MP: 3/13
  4155 | Ossuary  | Reached ** piety under Kikubaaqudgha
  4553 | D:7      | Reached skill level 5 in Poison Magic
  4690 | D:7      | Reached skill level 1 in Necromancy
  5008 | D:7      | Found a glowing silver altar of Zin.
  5225 | D:8      | Noticed Harold
  5242 | D:8      | Killed Harold
  5242 | D:8      | Reached XP level 10. HP: 58/74 MP: 7/14
  5252 | D:8      | Noticed a brown ugly thing
  5253 | D:8      | Noticed Maurice
  5264 | D:8      | Killed a brown ugly thing
  5273 | D:8      | Killed Maurice
  5273 | D:8      | Reached skill level 5 in Necromancy
  5294 | D:7      | Reached skill level 10 in Short Blades
  5384 | D:8      | Reached *** piety under Kikubaaqudgha
  5384 | D:8      | Identified Kikubaaqudgha's Almanac of Necromancy
                  | (Kikubaaqudgha gifted it to you on level 8 of the Dungeon)
  5384 | D:8      | Received a gift from Kikubaaqudgha
  5780 | D:8      | Learned a level 3 spell: Regeneration
  5956 | D:9      | Reached skill level 1 in Charms
  6551 | D:10     | Entered Level 10 of the Dungeon
  6791 | D:10     | Reached XP level 11. HP: 55/80 MP: 12/15
  7152 | D:10     | Reached **** piety under Kikubaaqudgha
  7251 | D:11     | Noticed a skeletal warrior
  7251 | D:11     | Noticed a skeletal warrior
  7251 | D:11     | Noticed a skeletal warrior
  7251 | D:11     | Noticed a skeletal warrior
  7292 | D:10     | Killed a skeletal warrior
  7292 | D:10     | Reached skill level 5 in Charms
  7921 | D:11     | Found a staircase to the Lair.
  7932 | D:11     | Learned a level 5 spell: Dispel Undead
  8114 | D:11     | Killed a skeletal warrior
  8226 | D:11     | Killed a skeletal warrior
  8386 | Lair:1   | Entered Level 1 of the Lair of Beasts
  8402 | D:11     | Reached skill level 5 in Spellcasting
  8596 | Lair:1   | Reached XP level 12. HP: 84/88 MP: 14/20
  8796 | Lair:1   | Reached ***** piety under Kikubaaqudgha
  8801 | Lair:1   | Learned a level 3 spell: Spectral Weapon
  9527 | Lair:2   | Noticed a five-headed hydra
  9552 | Lair:2   | Killed a five-headed hydra
  9552 | Lair:2   | Reached skill level 1 in Shields
  9552 | Lair:2   | Reached skill level 1 in Hexes
  9805 | Lair:2   | Got a shadowed robe
  9816 | Lair:2   | Identified the cursed +0 robe "Duneus" {rElec rPois rN+
                  | Str+2} (You found it on level 2 of the Lair of Beasts)
 10418 | Lair:2   | Reached skill level 10 in Stealth
 10951 | Lair:3   | Noticed Rupert
 10958 | Lair:3   | Paralysed by Rupert for 4 turns
 11027 | Lair:3   | Paralysed by Rupert for 4 turns
 11039 | Lair:3   | Killed Rupert
 11075 | Lair:3   | Found a frozen archway.
 11121 | IceCv    | Entered an ice cave
 11181 | IceCv    | Gained mutation: You can use your snake-like lower body to
                  | constrict enemies. [Naga growth]
 11181 | IceCv    | Reached XP level 13. HP: 79/94 MP: 6/22
 11517 | Lair:3   | Reached skill level 1 in Fighting
 11521 | Lair:3   | Upgraded the game from 0.24-a0-736-g4e6fe308c7 to
                  | 0.24-a0-769-g368c1644f8
 11721 | Lair:3   | Identified Epaetopn's Collected Works on Ice
 12426 | Lair:4   | Found a hole to the Spider Nest.
 12769 | Lair:4   | Found a staircase to the Shoals.
 13400 | Lair:5   | Reached skill level 5 in Fighting
 14024 | Lair:6   | Entered Level 6 of the Lair of Beasts
 14093 | Lair:6   | Reached ****** piety under Kikubaaqudgha
 14206 | Lair:6   | Learned a level 5 spell: Venom Bolt
 14567 | Lair:6   | Reached XP level 14. HP: 122/123 MP: 14/27
 14970 | Lair:6   | Found a viscous altar of Jiyva.
 14971 | Lair:6   | Found a staircase to the Slime Pits.
 15556 | D:12     | Found Rufoec's Magic Scroll Shop.
 15578 | D:12     | Bought a scroll of identify for 32 gold pieces
 15578 | D:12     | Bought a scroll of enchant armour for 120 gold pieces
 15578 | D:12     | Bought a scroll of enchant armour for 120 gold pieces
 15578 | D:12     | Bought a scroll of identify for 32 gold pieces
 15578 | D:12     | Bought a scroll of identify for 32 gold pieces
 15578 | D:12     | Bought a scroll of magic mapping for 56 gold pieces
 15578 | D:12     | Bought a scroll of fog for 32 gold pieces
 15626 | D:12     | Found a staircase to the Orcish Mines.
 15683 | D:12     | Learned a level 2 spell: Sublimation of Blood
 15950 | D:12     | Reached skill level 1 in Air Magic
 16689 | D:13     | Found a gate to the Vaults.
 16689 | D:13     | Noticed an ironheart preserver
 16740 | D:13     | Found a basalt altar of Yredelemnul.
 16750 | D:13     | Reached skill level 1 in Evocations
 16801 | D:13     | Found a gate leading to a gauntlet.
 16812 | Gauntlet | Entered a Gauntlet
 16812 | Gauntlet | Found a transporter.
 16812 | Gauntlet | Found a transporter.
 16812 | Gauntlet | Found a transporter.
 16833 | Gauntlet | Found a transporter.
 16843 | Gauntlet | Found a transporter.
 16847 | Gauntlet | Found a transporter.
 16860 | Gauntlet | Found a transporter.
 16885 | Gauntlet | Found a transporter.
 16905 | Gauntlet | Found a transporter.
 16909 | Gauntlet | Found a transporter.
 16920 | Gauntlet | Found a transporter.
 16924 | Gauntlet | Found a transporter.
 17155 | Gauntlet | Learned a level 5 spell: Excruciating Wounds
 17471 | Temple   | Identified a +8 quick blade of pain (a +6 quick blade
                  | bloodied by Kikubaaqudgha)
 17471 | Temple   | Received a gift from Kikubaaqudgha
 17695 | Orc:1    | Entered Level 1 of the Orcish Mines
 17740 | Orc:1    | Noticed Fannar
 17740 | Orc:1    | Noticed an orc warlord
 17781 | D:12     | Killed Fannar
 17900 | D:12     | Killed an orc warlord
 18357 | Orc:1    | Noticed Gastronok
 18421 | Orc:1    | Killed Gastronok
 18421 | Orc:1    | Reached XP level 15. HP: 113/135 MP: 3/28
 18476 | Orc:1    | Reached skill level 5 in Evocations
 18958 | Orc:2    | Entered Level 2 of the Orcish Mines
 18981 | Orc:2    | Reached skill level 1 in Armour
 19053 | Orc:2    | Found a staircase to the Elven Halls.
 19317 | Orc:2    | Found Okudyss's Antique Weapon Emporium.
 19350 | Orc:2    | Found Noriucli's Gadget Emporium.
 19361 | Orc:2    | Found Javvo Lose's Distillery.
 19367 | Orc:2    | Found Plog's Antique Armour Emporium.
 19725 | Orc:2    | Reached skill level 5 in Air Magic
 19772 | Orc:2    | Found Leacioj's Distillery.
 19779 | Orc:2    | Bought a potion of lignification for 42 gold pieces
 19779 | Orc:2    | Bought a potion of lignification for 42 gold pieces
 19787 | Orc:2    | Bought a potion of lignification for 36 gold pieces
 20039 | Orc:2    | Upgraded the game from 0.24-a0-769-g368c1644f8 to
                  | 0.24-a0-779-g36f0aeb843
 20066 | Orc:2    | Bought a crude rapier for 216 gold pieces
 20067 | Orc:2    | Identified the +8 rapier of Ojottykh {vamp, *Slow +Fly
                  | Dex+2 SInv} (You bought it in a shop on level 2 of the
                  | Orcish Mines)
 20774 | D:14     | Found a blossoming altar of Fedhas.
 21235 | D:15     | Entered Level 15 of the Dungeon
 21486 | D:15     | Reached skill level 5 in Armour
 21492 | D:15     | Reached skill level 10 in Necromancy
 21695 | D:15     | Found a runed translucent gate.
 21696 | D:15     | Found a runed translucent gate.
 21697 | D:15     | Found a runed translucent gate.
 21702 | D:15     | Noticed Revvat's ghost (journeyman MiBe)
 21702 | D:15     | Identified the +6 great mace "Beastbane" {speed, -Tele
                  | Int+3 Dex+2}
 21795 | D:15     | Found a staircase to the Depths.
 22395 | Spider:1 | Entered Level 1 of the Spider Nest
 22626 | Spider:1 | Reached XP level 16. HP: 119/144 MP: 20/29
 23058 | Spider:1 | Found a runed translucent door.
 23058 | Spider:1 | Found a shimmering altar of Xom.
 23058 | Spider:1 | Noticed Dycilia's ghost (journeyman DDFi)
 24565 | Lair:2   | Learned a level 6 spell: Freezing Cloud
 24786 | Spider:3 | Reached skill level 1 in Ice Magic
 24912 | Spider:3 | Upgraded the game from 0.24-a0-779-g36f0aeb843 to
                  | 0.24-a0-784-g601f8f6d22
 25442 | Spider:4 | Entered Level 4 of the Spider Nest
 25586 | Spider:4 | Noticed Mara
 25763 | Spider:4 | Reached skill level 10 in Conjurations
 26133 | Spider:4 | Reached skill level 5 in Ice Magic
 26206 | Spider:4 | Reached XP level 17. HP: 133/150 MP: 26/30
 26248 | Spider:4 | Noticed Aizul
 26263 | Spider:4 | Killed Aizul
 26373 | Spider:4 | Noticed GameOver's illusion
 26375 | Spider:4 | Killed Mara
 26730 | Spider:4 | Got a gossamer rune of Zot
 27156 | Lair:2   | Gained mutation: You can exhale a cloud of poison. [potion
                  | of mutation]
 27156 | Lair:2   | Gained mutation: You are dopey. (Int -2) [potion of
                  | mutation]
 27156 | Lair:2   | Lost mutation: You are dopey. (Int -2) [potion of mutation]
 27157 | Lair:2   | Lost mutation: You can exhale a cloud of poison. [potion of
                  | mutation]
 27157 | Lair:2   | Gained mutation: You are partially covered in yellow
                  | scales. (AC +2) [potion of mutation]
 27157 | Lair:2   | Gained mutation: You expend magic power (3 MP) to
                  | strengthen your wands. [potion of mutation]
 27158 | Lair:2   | Lost mutation: You are partially covered in yellow scales.
                  | (AC +2) [potion of mutation]
 27158 | Lair:2   | Lost mutation: You expend magic power (3 MP) to strengthen
                  | your wands. [potion of mutation]
 27158 | Lair:2   | Gained mutation: You are resistant to electric shocks.
                  | (rElec) [potion of mutation]
 27158 | Lair:2   | Gained mutation: You are partially covered in slimy green
                  | scales. (AC +2) [potion of mutation]
 27307 | Orc:2    | Bought a potion of mutation for 96 gold pieces
 27307 | Orc:2    | Bought a potion of mutation for 96 gold pieces
 27307 | Orc:2    | Bought a potion of flight for 36 gold pieces
 27307 | Orc:2    | Bought a potion of ambrosia for 96 gold pieces
 27315 | Orc:2    | Bought a potion of mutation for 112 gold pieces
 27315 | Orc:2    | Bought a potion of curing for 42 gold pieces
 27315 | Orc:2    | Bought a potion of curing for 42 gold pieces
 27315 | Orc:2    | Bought a potion of heal wounds for 70 gold pieces
 27315 | Orc:2    | Bought a potion of curing for 42 gold pieces
 27315 | Orc:2    | Bought a potion of ambrosia for 112 gold pieces
 27382 | Elf:1    | Entered Level 1 of the Elven Halls
 28097 | Elf:1    | Found Xippod's Jewellery Boutique.
 28098 | Elf:1    | Found Haugarghi's Gadget Emporium.
 28099 | Elf:1    | Found Counimo's Jewellery Boutique.
 28238 | Elf:1    | Noticed a Hell Sentinel
 28242 | Elf:1    | HP: 1/150 [+2 glaive of flaming (10)]
 28242 | Elf:1    | Slain by a +2 glaive of flaming

Levels and vault maps discovered:
D:1:      ebering_trefoil_twist, layout_basic
D:2:      layout_loops_ring, first_ration
D:3:      layout_basic, uniq_ijyb
D:4:      minmay_chambers_of_twos, layout_basic, minmay_temple_entry_hall,
          minmay_cupped
D:5:      layout_loops_ring, uniq_eustachio, uniq_grinder, uniq_menkaure
D:6:      cheibrodos_fzero, layout_loops_ring, nicolae_ossuary_entry_ruins
D:7:      layout_basic, zin_treasury
D:8:      layout_rooms, uniq_maurice, uniq_harold
D:9:      layout_roguey
D:10:     layout_gridville, grunt_ogre_cave
D:11:     layout_roguey, grunt_lair_entry_orc_guard_hut, st_stairs_12,
          serial_bayou_crossing
D:12:     layout_cave_pods, orc_0_dummy, serial_shops, shop
D:13:     layout_roguey, skrybe_vaults_entry_preservation,
          gauntlet_entry_generic, drop_trap, yredelemnul_altar_generic
D:14:     layout_roguey, fedhas_altar_1
D:15:     grunt_enter_depths_hoard, layout_basic, gammafunk_ghost_tricky_traps
Temple:   compressed_dpeg_triangle_lava_temple
Lair:1:   layout_chaotic_city, grunt_megastairs_4
Lair:2:   layout_layer_cave, wad_woods_road_02, minmay_stone_trees_small,
          infiniplex_staircase_pool_2
Lair:3:   layout_gridlike, portal_ice_cave_entry_pillars_2, serial_bayou,
          serial_bayou_shore_a, serial_bayou_lake_a, serial_bayou_lagoon_a,
          serial_bayou_pond_d, serial_bayou_ford_a, serial_bayou_lagoon_b,
          uniq_rupert
Lair:4:   layout_gridlike, shoals_dummy_entry, spider_nest_entry_rubble,
          beast_lair_carwin_7
Lair:5:   layout_concentric_octagons, grunt_forest_stairs_basic
Lair:6:   minmay_lair_end_enchanted_forest, layout_cave_pods, slime_altar_1,
          serial_bayou_pond_c, minivault_24, nicolae_quartered_pool_super
Spider:1: layout_chambers, ebering_ghost_xom, nicolae_spider_shape
Spider:2: layout_spider_delve
Spider:3: layout_spider_delve
Spider:4: grunt_spider_rune_circles, drop_trap, uniq_mara, uniq_aizul
Orc:1:    layout_caves, hangedman_minor_magic, uniq_gastronok, uniq_fannar
Orc:2:    st_orc_elflike, layout_caves, serial_shops, shop
Elf:1:    layout_gridlike, orc_legates, nicolae_elf_w_pinch, minivault_27,
          minmay_shop_grove

Skill      XL: |  1  2  3  4  5  6  7  8  9 10 11 12 13 14 15 16 17 |
---------------+----------------------------------------------------+-----
Conjurations   | 2 3 4 5 6 8 9 10 12 | 12.6
Short Blades   | 1 2 3 4 6 7 9 10 11 12 | 12.0
Stealth        | 6 9 11 12 | 12.2
Poison Magic   | 4 6 9 |  9.0
Necromancy     | 4 6 8 9 10 12 | 12.0
Charms         | 3 6 |  6.0
Spellcasting   | 5 6 9 |  9.3
Shields        | 3 |  3.0
Hexes          | 4 |  4.2
Translocations | 3 |  3.0
Fighting       | 7 9 |  9.0
Air Magic      | 3 6 9 |  9.0
Evocations     | 4 5 |  5.1
Armour         | 6 |  6.0
Ice Magic      | 5 9 |  9.3
Dodging        | |  1.5
Summonings     | |  1.0

Action                   |  1- 3 |  4- 6 |  7- 9 | 10-12 | 13-15 | 16-18 || total
-------------------------+-------+-------+-------+-------+-------+-------++-------
Melee: Club              |     1 |       |       |       |       |       ||     1
       Short sword       |     1 |    53 |   197 |   561 |   604 |    13 ||  1429
       Spear             |       |       |    10 |    90 |       |       ||   100
       Constrict         |       |       |       |       |   212 |   113 ||   325
       Quick blade       |       |       |       |       |   408 |   705 ||  1113
       Rapier            |       |       |       |       |    91 |       ||    91
Throw: Javelin           |       |       |       |       |     1 |       ||     1
 Cast: Magic Dart        |    35 |    70 |    98 |    88 |    17 |       ||   308
       Mephitic Cloud    |       |     1 |    12 |    43 |    99 |    47 ||   202
       Conjure Flame     |       |       |     8 |    26 |    44 |    15 ||    93
       Blink             |       |       |     1 |     8 |    20 |     8 ||    37
       Regeneration      |       |       |       |    26 |    82 |    72 ||   180
       Dispel Undead     |       |       |       |     4 |    15 |       ||    19
       Spectral Weapon   |       |       |       |    10 |    62 |    28 ||   100
       Venom Bolt        |       |       |       |       |    18 |    13 ||    31
       Excruciating Woun |       |       |       |       |     1 |       ||     1
       Sublimation of Bl |       |       |       |       |       |    20 ||    20
       Freezing Cloud    |       |       |       |       |       |     7 ||     7
Invok: Brand Weapon With |       |       |       |       |     1 |       ||     1
       Receive Corpses   |       |       |       |       |       |     1 ||     1
 Abil: Spit Poison       |    29 |    32 |    30 |   115 |   189 |   105 ||   500
Evoke: Wand              |       |       |       |     6 |    13 |       ||    19
       Lightning rod     |       |       |       |       |     3 |       ||     3
  Use: Potion            |       |     2 |     1 |     7 |     6 |    10 ||    26
       Scroll            |       |       |     6 |    10 |    13 |     3 ||    32
 Stab: Confused          |       |       |     9 |    21 |    57 |    24 ||   111
       Sleeping          |       |       |     1 |     6 |    32 |    14 ||    53
       Paralysed         |       |       |       |     1 |       |       ||     1
       Invisible         |       |       |       |       |     3 |       ||     3
       Distracted        |       |       |       |       |     5 |     4 ||     9
  Eat: Chunk             |     2 |     6 |    10 |    29 |    55 |    26 ||   128
       Ration            |       |       |       |     1 |       |     4 ||     5
Armor: Robe              |     6 |     7 |    24 |   104 |    86 |       ||   227
       Skin              |       |       |       |    27 |     3 |       ||    30
       Leather armour    |       |       |       |       |    58 |   174 ||   232
Dodge: Dodged            |    17 |    25 |    51 |   140 |   180 |   136 ||   549
Block: Buckler           |       |       |       |    13 |    96 |   102 ||   211
       Reflection        |       |       |       |       |     5 |       ||     5

Table legend:
 A = Non-vault XP
 B = Vault XP
 C = Vault XP percentage of total XP
 D = Non-vault monster count
 E = Vault monster count
 F = Vault count percentage of total count
                 A         B        C        D         E       F
            +---------+---------+-------+---------+---------+-------
      Total |  158569 |   76175 |  32.5 |     739 |     234 |  24.0
            +---------+---------+-------+---------+---------+-------
        D:1 |      26 |       0 |   0.0 |      13 |       0 |   0.0
        D:2 |      60 |       0 |   0.0 |      21 |       0 |   0.0
        D:3 |      56 |      35 |  38.5 |      22 |       1 |   4.3
        D:4 |     182 |     205 |  53.0 |       7 |       9 |  56.2
        D:5 |     245 |     645 |  72.5 |      10 |       3 |  23.1
        D:6 |     321 |     609 |  65.5 |       6 |      12 |  66.7
        D:7 |    1318 |       0 |   0.0 |      27 |       0 |   0.0
        D:8 |    1967 |    1479 |  42.9 |      22 |       2 |   8.3
        D:9 |    1317 |       0 |   0.0 |      18 |       0 |   0.0
       D:10 |    2758 |     118 |   4.1 |      24 |       1 |   4.0
       D:11 |    5830 |     699 |  10.7 |      46 |       6 |  11.5
       D:12 |    8913 |     976 |   9.9 |      52 |       1 |   1.9
       D:13 |    5990 |    2311 |  27.8 |      19 |       9 |  32.1
       D:14 |    3635 |       0 |   0.0 |      20 |       0 |   0.0
       D:15 |    7855 |    2064 |  20.8 |      21 |       2 |   8.7
     Lair:1 |    4914 |     593 |  10.8 |      29 |       3 |   9.4
     Lair:2 |    4126 |     425 |   9.3 |      11 |       1 |   8.3
     Lair:3 |    5119 |    2918 |  36.3 |      23 |       1 |   4.2
     Lair:4 |    3071 |    1629 |  34.7 |      14 |       7 |  33.3
     Lair:5 |    5815 |       0 |   0.0 |      24 |       0 |   0.0
     Lair:6 |   10750 |    7190 |  40.1 |      41 |      43 |  51.2
   Spider:1 |   12529 |    2160 |  14.7 |      35 |       8 |  18.6
   Spider:2 |   22318 |       0 |   0.0 |      64 |       0 |   0.0
   Spider:3 |    8558 |       0 |   0.0 |      22 |       0 |   0.0
   Spider:4 |   17686 |   34534 |  66.1 |      47 |      40 |  46.0
      Orc:1 |    4386 |    3660 |  45.5 |      38 |      15 |  28.3
      Orc:2 |    3878 |    8254 |  68.0 |      38 |      25 |  39.7
      Elf:1 |   14946 |     712 |   4.5 |      25 |       8 |  24.2
    Ossuary |       0 |     141 | 100.0 |       0 |      21 | 100.0
      IceCv |       0 |    1319 | 100.0 |       0 |       7 | 100.0
   Gauntlet |       0 |    3499 | 100.0 |       0 |       9 | 100.0
            +---------+---------+-------+---------+---------+-------
